 Dungeon Crawl Stone Soup version 0.19.1 (webtiles) character file.

151 PossumBlood the Skirmisher (level 5, 0/48 HPs)
             Began as a Minotaur Fighter on Dec 15, 2016.
             Succumbed to an adder's poison
             ... on level 3 of the Dungeon.
             The game lasted 00:03:39 (1148 turns).

PossumBlood the Skirmisher (Minotaur Fighter)       Turns: 1148, Time: 00:03:39

Health: 0/48       AC:  6    Str: 22    XL:     5   Next: 11%
Magic:  4/4        EV:  7    Int:  5    God:
Gold:   75         SH:  9    Dex:  9    Spells: 0 memorised, 4 levels left

rFire  . . .     SeeInvis .     a - +0 war axe
rCold  . . .     Gourm    .     b - +0 scale mail
rNeg   . . .     Faith    .     c - +0 shield
rPois  .         Spirit   .     (helmet restricted)
rElec  .         Reflect  .     (no cloak)
rCorr  .         Harm     .     (no gloves)
MR     .....                    (no boots)
Stlth  ..........               (no amulet)
                                (no ring)
                                (no ring)

@: lethally poisoned (0 -> -3)
A: retaliatory headbutt, horns 2
a: no special abilities


You were on level 3 of the Dungeon.
You were not hungry.

You visited 1 branch of the dungeon, and saw 3 of its levels.

You collected 75 gold pieces.

Inventory:

Hand Weapons
 a - a +0 war axe (weapon)
Armour
 b - a +0 scale mail (worn)
 c - a +0 shield (worn)
Jewellery
 o - an uncursed amulet of the gourmand
Scrolls
 e - 2 scrolls of identify
 h - 2 scrolls of teleportation
 i - 2 scrolls of amnesia
Potions
 d - a potion of might
Books
 k - a book of Changes

   Spells                             Type                      Level
   a - Beastly Appendage              Transmutation                1
   b - Sticks to Snakes               Transmutation                2
   c - Spider Form                    Transmutation/Poison         3
   d - Ice Form                       Ice/Transmutation            4
   e - Blade Hands                    Transmutation                5
Comestibles
 f - 2 bread rations
 j - a meat ration


   Skills:
 + Level 5.2 Fighting
 + Level 5.2 Axes
 - Level 3.6 Armour
 - Level 3.6 Shields


You had 4 spell levels left.
You didn't know any spells.

Dungeon Overview and Level Annotations

Branches:
Dungeon (3/15)

Altars:


Innate Abilities, Weirdness & Mutations

You reflexively headbutt those who attack you in melee.
You have a pair of horns on your head.


Message History

You are too injured to fight recklessly!
You closely miss the orc priest.
You headbutt the orc priest, but do no damage.
The orc priest is severely wounded.
The orc priest hits you with a mace.
* * * LOW HITPOINT WARNING * * *
The orc hits you but does no damage.
You slash the orc priest!
You kill the orc priest!
You have reached level 5!
The orc closely misses you. The adder bites you.
* * * LOW HITPOINT WARNING * * *
You are lethally poisoned!
The adder poisons you!
You miss the adder.
* * * LOW HITPOINT WARNING * * *
You feel sick. The adder bites you but does no damage.
The orc completely misses you. The adder barely misses you.
You completely miss the adder. Your headbutt misses the adder.
You die...

... . #>.
.# #.. .#
#$....
#...#. ..
..... ...
###..###..#
#..oS@.##.#
#...##.##.#
#.. #..#.#
... ##.#.##
##.
#..†.### #
###)...#
#.##.#
#.##.#
#.##.##


You could see an adder and an orc.

Vanquished Creatures
  An orc priest (D:3)
  An orc wizard (D:3)
  3 gnolls (D:2)
  2 worms (D:2)
  A dart slug (D:1)
  A leopard gecko (D:1)
  5 orcs (D:3)
  6 giant cockroaches
  5 hobgoblins
  6 jackals (D:2)
  8 bats
  2 frilled lizards
  6 goblins
  2 kobolds
  4 rats
53 creatures vanquished.

Notes
Turn   | Place    | Note
-------+----------+-------------------------------------------
     0 | D:1      | PossumBlood the Minotaur Fighter began the quest for the Orb.
     0 | D:1      | Reached XP level 1. HP: 19/19 MP: 0/0
   135 | D:1      | Reached XP level 2. HP: 26/27 MP: 1/1
   314 | D:1      | You fall through a shaft!
   594 | D:2      | Found a faded altar of an unknown god.
   764 | D:2      | Reached XP level 3. HP: 30/33 MP: 2/2
   997 | D:2      | Reached XP level 4. HP: 27/41 MP: 3/3
  1142 | D:3      | Reached skill level 5 in Fighting
  1142 | D:3      | Reached skill level 5 in Axes
  1146 | D:3      | Reached XP level 5. HP: 6/48 MP: 4/4
  1146 | D:3      | HP: 2/48 [adder (4)]
  1148 | D:3      | Succumbed to an adder's poison

Skill      XL: |  1  2  3  4 |
---------------+-------------+-----
Axes           | 3 4 5 |  5.2
Fighting       | 4 5 |  5.2
Armour         | |  3.6
Shields        | |  3.6

Action                   |  1- 3 |  4- 6 || total
-------------------------+-------+-------++-------
Melee: War axe           |    98 |    40 ||   138
       Headbutt          |    11 |     7 ||    18
  Use: Scroll            |       |     6 ||     6
       Potion            |       |     3 ||     3
  Eat: Fruit             |       |     1 ||     1
Armor: Scale mail        |    55 |    16 ||    71
Dodge: Dodged            |    32 |    10 ||    42
Block: Shield            |    63 |    21 ||    84
